 Dungeon Crawl Stone Soup version 0.31-a0-229-g1fc7ce93e2 (webtiles) character file.

Game seed: 4758221209252146198

3056 qw the Skirmisher (level 9, -21/57 HPs)
             Began as a Gargoyle Hexslinger on July 6, 2023.
             Demolished by a two-headed ogre
             ... wielding a +0 giant spiked club
              (39 damage)
             ... on level 9 of the Dungeon.
             The game lasted 00:03:03 (6850 turns).

qw the Skirmisher (Gargoyle Hexslinger)             Turns: 6850, Time: 00:03:04

Health: -21/57     AC: 20    Str: 12    XL:     9   Next: 87%
Magic:  10/10      EV: 16    Int: 14    God:
Gold:   182        SH:  0    Dex: 16    Spells: 9/10 levels left

rFire   + . .        u - +0 orcbow (chaos)
rCold   + . .        (shield currently unavailable)
rNeg    + . .        e - +0 ring mail {rF+}
rPois   inf          k - +0 helmet
rElec   +            c - +0 cloak
rCorr   .            q - +1 Delatra's gloves {ID++}
SInv    .            t - +2 pair of boots
Will    .....        l - amulet of the acrobat
Stlth   +            h - +5 ring of evasion
HPRegen 0.29/turn    j - ring of protection from cold
MPRegen 0.12/turn

%: acrobat
@: no status effects
A: sickness immunity, AC +6, negative energy resistance 1, electricity
resistance, torment resistance 1, petrification resistance
a: no special abilities


You were on level 9 of the Dungeon.
You visited 2 branches of the dungeon, and saw 10 of its levels.

You collected 511 gold pieces.
You spent 329 gold pieces at shops.


Innate Abilities, Weirdness & Mutations

You are immune to sickness and miasma.
Your stone body is resilient. (AC +6)
You are immune to poison.
You resist negative energy. (rN+)
You are resistant to electric shocks. (rElec)
You are resistant to unholy torment.
You are immune to petrification.


   Skills:
 - Level 7.1 Fighting
 - Level 11.0 Ranged Weapons
 - Level 4.4 Armour
 + Level 2.2 Dodging
 - Level 1.0 Spellcasting
 - Level 2.6 Hexes


You had 9 spell levels left.
You knew the following spells:

 Your Spells              Type           Power      Damage    Failure   Level
a - Slow                  Hex            32%        N/A       19%         1

Your spell library contained the following spells:

 Spells                   Type           Power      Damage    Failure   Level
 Inner Flame              Hex/Fire       4%         N/A       67%         3
 Portal Projectile        Hex/Tloc       8%         N/A       67%         3
 Cause Fear               Hex            4%         N/A       88%         4

Inventory:

Hand Weapons
 u - a +0 orcbow of chaos (weapon)
Armour
 c - a +0 cloak (worn)
 e - a +0 ring mail of fire resistance (worn)
 k - a +0 helmet (worn)
 q - the +1 Delatra's gloves (worn) {ID++}
   (You found it on level 3 of the Dungeon)

   ID++:      It heals its wearer when they drink unknown potions, and restores
   their MP when they read unknown scrolls.
 t - a +2 pair of boots (worn)
Jewellery
 d - a ring of positive energy
 h - a +5 ring of evasion (left hand)
 j - a ring of protection from cold (right hand)
 l - an amulet of the acrobat (around neck)
Scrolls
 a - a scroll of identify
 m - 5 scrolls of teleportation
Potions
 b - a potion of cancellation
 g - a potion of mutation {unknown}
 i - 3 potions of haste
 n - 2 potions of heal wounds
 o - 3 potions of curing
 p - a potion of invisibility {unknown}
 s - a potion of enlightenment
 w - a potion of ambrosia {unknown}
 x - a potion of resistance {unknown}

Dungeon Overview and Level Annotations

Branches:
Dungeon (9/15)             Temple (1/1) D:7
   Lair: D:8-11         Orc: D:9-12

Altars:
Cheibriados
Dithmenos
Fedhas
Gozag
Kikubaaqudgha
Nemelex Xobeh
Qazlal
Ru
Sif Muna
Trog
Uskayaw
Vehumet
Xom
Yredelemnul
The Shining One

Shops:
D:6 :**!*

Annotations:
D:4 2 transporters


Message History

There is a stone staircase leading down, spattered with blood here.
Things that are here:
a +0 dagger of speed; a +0 robe; an orc corpse
Things that are here:
a +0 falchion; an orc corpse
Found a stone staircase leading up.
As you open the door, it creaks loudly!
A two-headed ogre comes into view.
It is wielding a +0 giant spiked club and a +0 giant club.
Found a shimmering trident.
You shoot an arrow.
The arrow hits the two-headed ogre but does no damage.
The two-headed ogre suddenly seems more resistant.
There is an open door here.
Enter note:
Enter note: You shoot an arrow.
The arrow barely misses the two-headed ogre.
You shoot an arrow.
The arrow barely misses the two-headed ogre.
You shoot an arrow. The arrow hits the two-headed ogre.
The two-headed ogre is lightly wounded.
You shoot an arrow. The arrow hits the two-headed ogre!
The two-headed ogre seems to grow stronger.
The two-headed ogre is lightly wounded.
You shoot an arrow.
The arrow hits the two-headed ogre but does no damage.
The two-headed ogre is lightly wounded.
The two-headed ogre hits you with a +0 giant spiked club!!!
Ouch! That really hurt!
The two-headed ogre misses you.
You shoot an arrow.
The arrow closely misses the two-headed ogre.
The two-headed ogre barely misses you. The two-headed ogre closely misses you.
You shoot an arrow.
The arrow closely misses the two-headed ogre.
You shoot an arrow. The arrow hits the two-headed ogre!
The two-headed ogre is moderately wounded.
The two-headed ogre hits you with a +0 giant spiked club!!!
Ouch! That really hurt!
You die...

...#+###+#####
#............#
#..).........#
#............+
#............#
#............#
#.....O......#
#######@##
#........#
#........#
#........#
#.<......#
#........#
#........#
#........#
##......##


You could see a two-headed ogre (strong, resistant).

Vanquished Creatures
  A wyvern (D:7)
  A steam dragon (D:7)
  2 water moccasins
  2 orc warriors
  A black bear (D:7)
  3 ice beasts
  2 centaurs
  2 phantoms
  A kobold brigand (D:7)
  2 bullfrogs (D:6)
  3 scorpions (D:7)
  4 wights (D:7)
  5 killer bees (D:6)
  3 hounds
  3 jellies
  An orc priest (D:8)
  2 sleepcaps
  6 iguanas
  6 orc wizards
  3 gnolls (D:8)
  2 river rats (D:4)
  15 adders
  A white imp (D:6)
  2 ufetubi
  2 worms
  3 dart slugs
  24 orcs
  7 ball pythons
  10 endoplasms
  5 giant cockroaches
  7 goblins
  9 hobgoblins
  7 kobolds
  4 quokkas
  A bat (shapeshifter) (D:9)
  6 bats
  7 frilled lizards
  4 rats
  A spectral orc (D:3)
170 creatures vanquished.

Notes
Turn   | Place    | Note
-------+----------+-------------------------------------------
     0 | D:1      | qw the Gargoyle Hexslinger began the quest for the Orb.
     0 | D:1      | Reached XP level 1. HP: 12/12 MP: 2/2
     0 | D:1      | 0 ||| qw: Version: 0.3-a-46-gb1f654a
     0 | D:1      | 0 ||| qw: Game counter: 1152
     0 | D:1      | 0 ||| qw: Melee chars always use a shield: true
     0 | D:1      | 0 ||| qw: God list: Okawaru
     0 | D:1      | 0 ||| qw: Allow faded altars: false
     0 | D:1      | 0 ||| qw: Do Orc after clearing Dungeon:15 true
     0 | D:1      | 0 ||| qw: Do second Lair branch before Depths: true
     0 | D:1      | 0 ||| qw: Lair rune preference: random
     0 | D:1      | 0 ||| qw: Goals: Normal
     0 | D:1      | 0 ||| PLANNING D:1-11
   135 | D:1      | Reached XP level 2. HP: 16/16 MP: 3/3
   255 | D:1      | Reached skill level 3 in Ranged Weapons
   330 | D:1      | Found a faded altar of an unknown god.
   528 | D:1      | 528 ||| UPGRADING to +0 pair of boots.
   533 | D:1      | 533 ||| UPGRADING to amulet of the acrobat.
   538 | D:1      | 538 ||| UPGRADING to +5 ring of evasion.
   539 | D:1      | 539 ||| READING 6 scrolls labelled OMNUPH YGGA.
   540 | D:1      | 540 ||| READING scroll labelled MUIROISMAGO.
   545 | D:1      | 545 ||| READING 5 scrolls of identify.
   545 | D:1      | 545 ||| IDENTIFYING fuming black potion
   546 | D:1      | 546 ||| READING 4 scrolls of identify.
   546 | D:1      | 546 ||| IDENTIFYING purple potion
   547 | D:1      | 547 ||| READING 3 scrolls of identify.
   547 | D:1      | 547 ||| IDENTIFYING grey potion
   548 | D:1      | 548 ||| READING 2 scrolls of identify.
   548 | D:1      | 548 ||| IDENTIFYING pink potion
   549 | D:1      | 549 ||| DROPPING scroll of poison.
   550 | D:1      | 550 ||| DROPPING potion of degeneration.
   551 | D:1      | 551 ||| DROPPING potion of brilliance.
   552 | D:1      | 552 ||| DROPPING potion of berserk rage.
   611 | D:2      | Reached XP level 3. HP: 21/21 MP: 4/4
   940 | D:2      | Reached XP level 4. HP: 24/26 MP: 5/5
  1421 | D:2      | 1421 ||| UPGRADING to +0 ring mail of fire resistance.
  1431 | D:2      | 1431 ||| DROPPING +0 robe.
  1432 | D:2      | 1432 ||| UPGRADING to +0 helmet.
  1437 | D:2      | 1437 ||| UPGRADING to ring of protection from cold.
  1438 | D:2      | 1438 ||| READING scroll labelled CAURUW KEMEI.
  1439 | D:2      | 1439 ||| READING scroll labelled OROCSU AJYPTE.
  1440 | D:2      | 1440 ||| READING scroll labelled UREFIWN ROCONT.
  1600 | D:3      | Reached skill level 1 in Armour
  1662 | D:3      | Reached skill level 4 in Ranged Weapons
  1793 | D:3      | Reached XP level 5. HP: 12/30 MP: 6/6
  2226 | D:3      | Found a basalt altar of Yredelemnul.
  2315 | D:3      | Reached skill level 5 in Ranged Weapons
  2352 | D:3      | Found the +1 Delatra's gloves {ID++}
  2800 | D:3      | 2800 ||| DROPPING scarf of shadows.
  2801 | D:3      | 2801 ||| UPGRADING to +1 Delatra's gloves {ID++}.
  2806 | D:3      | 2806 ||| UPGRADING to +2 pair of boots.
  2816 | D:3      | 2816 ||| DROPPING +0 pair of boots.
  2817 | D:3      | 2817 ||| READING scroll labelled XEFRIU JUKAKH.
  2818 | D:3      | 2818 ||| READING scroll labelled ROYGUU OLAMPAX.
  2819 | D:3      | 2819 ||| READING scroll labelled VUICVE MIREZ.
  2820 | D:3      | 2820 ||| READING scroll labelled BOUC DEGAMMINK.
  2821 | D:3      | 2821 ||| READING 3 scrolls of identify.
  2821 | D:3      | 2821 ||| IDENTIFYING ruby potion
  2822 | D:3      | 2822 ||| READING 2 scrolls of identify.
  2822 | D:3      | 2822 ||| IDENTIFYING glowing white potion
  2823 | D:3      | 2823 ||| DROPPING potion of magic.
  2824 | D:3      | 2824 ||| DROPPING potion of lignification.
  2873 | D:4      | 2873 ||| PLANNING SEWER
  2933 | D:4      | Reached skill level 3 in Fighting
  3008 | D:4      | Reached XP level 6. HP: 37/37 MP: 7/7
  3145 | D:4      | Found a transporter.
  3361 | D:4      | Found a transporter.
  3365 | D:4      | Noticed an ice beast
  3365 | D:4      | Noticed an ice beast
  3567 | D:4      | 3567 ||| RIP SEWER
  3604 | D:4      | 3604 ||| PLANNING D:1-11
  3707 | D:4      | 3707 ||| DROPPING ring of ice.
  3708 | D:4      | 3708 ||| READING scroll labelled YCU MANEDGHYR.
  3709 | D:4      | 3709 ||| READING 3 scrolls of identify.
  3709 | D:4      | 3709 ||| IDENTIFYING smoky orange potion
  3710 | D:4      | 3710 ||| READING 2 scrolls of identify.
  3710 | D:4      | 3710 ||| IDENTIFYING glowing brown potion
  3756 | D:5      | Entered Level 5 of the Dungeon
  3769 | D:5      | Reached skill level 6 in Ranged Weapons
  3946 | D:5      | 3946 ||| Stepping ~*~*~tactically~*~*~ (outnumbered).
  3976 | D:5      | Reached XP level 7. HP: 41/41 MP: 8/8
  4434 | D:5      | 4434 ||| READING 2 scrolls of identify.
  4434 | D:5      | 4434 ||| IDENTIFYING murky sapphire potion
  4477 | D:6      | Found Wuitonn's Assorted Antiques.
  4485 | D:6      | 4485 ||| BUYING cloak (90 gold).
  4485 | D:6      | Bought a cloak for 90 gold pieces
  4485 | D:6      | 4485 ||| BUYING potion of heal wounds (100 gold).
  4485 | D:6      | Bought a potion of heal wounds for 100 gold pieces
  4485 | D:6      | 4485 ||| SHOPLISTING quicksilver dragon scales (1200 gold,
                  | have 139).
  4485 | D:6      | 4485 ||| BUYING steel ring (100 gold).
  4485 | D:6      | Bought a steel ring for 100 gold pieces
  4564 | D:6      | Reached skill level 7 in Ranged Weapons
  4588 | D:6      | 4588 ||| Stepping ~*~*~tactically~*~*~ (outnumbered).
  4739 | D:6      | Reached XP level 8. HP: 48/48 MP: 9/9
  4798 | D:6      | Found Teovis's Distillery.
  4807 | D:6      | 4807 ||| BUYING potion of curing (39 gold).
  4807 | D:6      | Bought a potion of curing for 39 gold pieces
  4807 | D:6      | 4807 ||| SHOPLISTING potion of curing (39 gold, have 28).
  4807 | D:6      | 4807 ||| SHOPLISTING potion of heal wounds (65 gold, have
                  | 28).
  4807 | D:6      | 4807 ||| SHOPLISTING potion of mutation (104 gold, have
                  | 28).
  4922 | D:6      | Reached skill level 8 in Ranged Weapons
  5027 | D:6      | Found Irorch's General Store.
  5028 | D:6      | Found Seoffoh's Book Shoppe.
  5041 | D:6      | Found an opulent altar of Gozag.
  5047 | D:6      | Found Gozag's Platinum Reserve.
  5055 | D:6      | 5055 ||| SHOPLISTING +1 pair of gloves of Uskayaw's Fury
                  | {rPois rF+} (2770 gold, have 56).
  5055 | D:6      | 5055 ||| SHOPLISTING ring "Nomi" {rC++ MP+9} (4450 gold,
                  | have 56).
  5085 | D:6      | 5085 ||| UPGRADING to +0 cloak.
  5090 | D:6      | 5090 ||| READING scroll labelled NUANEATREU.
  5123 | D:7      | Found a staircase to the Ecumenical Temple.
  5124 | D:7      | 5124 ||| PLANNING TEMPLE
  5124 | D:7      | 5124 ||| STAIRDANCE
  5128 | D:7      | 5128 ||| STAIRDANCE
  5142 | D:7      | 5142 ||| STAIRDANCE
  5156 | D:6      | Reached skill level 3 in Armour
  5213 | D:7      | 5213 ||| STAIRDANCE
  5222 | D:7      | 5222 ||| FLEEEEING.
  5223 | D:7      | 5223 ||| STAIRDANCE
  5227 | D:7      | 5227 ||| STAIRDANCE
  5231 | D:7      | 5231 ||| STAIRDANCE
  5256 | Temple   | Entered the Ecumenical Temple
  5396 | Temple   | 5396 ||| PLANNING D:1-11
  5498 | D:7      | Noticed a wyvern
  5499 | D:7      | 5499 ||| Stepping ~*~*~tactically~*~*~ (outnumbered).
  5504 | D:7      | 5504 ||| Stepping ~*~*~tactically~*~*~ (outnumbered).
  5507 | D:7      | Killed a wyvern
  5508 | D:7      | Reached skill level 9 in Ranged Weapons
  5519 | D:7      | Reached XP level 9. HP: 47/54 MP: 10/10
  5566 | D:7      | Reached skill level 6 in Fighting
  5792 | D:7      | Reached skill level 10 in Ranged Weapons
  5838 | D:7      | Identified the ring of the Sun {rC+ Int+2}
  5959 | D:7      | 5959 ||| DROPPING +1 pair of boots.
  5960 | D:7      | 5960 ||| DROPPING ring of the Sun {rC+ Int+2}.
  5961 | D:7      | 5961 ||| READING scroll labelled CEYZOE WAZU.
  6101 | D:8      | Found a blossoming altar of Fedhas.
  6380 | D:8      | 6380 ||| Stepping ~*~*~tactically~*~*~ (outnumbered).
  6382 | D:8      | 6382 ||| Stepping ~*~*~tactically~*~*~ (outnumbered).
  6385 | D:8      | 6385 ||| Stepping ~*~*~tactically~*~*~ (outnumbered).
  6486 | D:8      | Found a shimmering blue altar of Sif Muna.
  6488 | D:8      | Found a radiant altar of Vehumet.
  6622 | D:8      | 6622 ||| SWAPPING to +0 orcbow.
  6623 | D:8      | 6623 ||| DROPPING +2 heavy sling.
  6624 | D:8      | 6624 ||| READING scroll of brand weapon.
  6624 | D:8      | 6624 ||| BRANDING +0 orcbow.
  6716 | D:9      | 6716 ||| FLEEEEING.
  6717 | D:9      | 6717 ||| FLEEEEING.
  6718 | D:9      | 6718 ||| FLEEEEING.
  6719 | D:9      | 6719 ||| FLEEEEING.
  6723 | D:9      | 6723 ||| FLEEEEING.
  6777 | D:9      | Reached skill level 11 in Ranged Weapons
  6840 | D:9      | Noticed a two-headed ogre
  6850 | D:9      | Demolished by a two-headed ogre

Levels and vault maps discovered:
D:1:      ncdulo_lavacross, layout_basic, basic_ecumenical_altar
D:2:      layout_basic, serial_forest, infiniplex_forest_clump_long,
          infiniplex_forest_end_double, infiniplex_forest_end_2,
          infiniplex_forest_zigzag_2, infiniplex_forest_lined_corner,
          infiniplex_forest_straight_3, infiniplex_forest_lined_2, st_stairs_8
D:3:      minmay_bubble_buster, layout_basic,
          yredelemnul_forgotten_temple_becter, pf_guarded_unrand_delatra
D:4:      gammafunk_cloud_chamber, layout_cave_pods, gup_sewer_entry_bubbles
D:5:      layout_loops_ring
D:6:      hellmonk_crumbling_castle, layout_basic,
          nicolae_gozag_zags_fifth_avenue, serial_shops, shop, shop, shop, shop,
          kennysheep_generic_room_11
D:7:      layout_basic, minmay_temple_entry_statues_fountains,
          supply_closet_lemuel, minmay_misc_feat_ornament
D:8:      nicolae_cairo_tiling_large, layout_cave_pools, fedhas_altar_4,
          chequers_temple_overflow_statue_of_worship
D:9:      nicolae_moon_pools, layout_gridville, columned_hall_lemuel,
          chequers_serial_rivers_small_b
Temple:   hellmonk_temple_flake

Skill      XL: |  1  2  3  4  5  6  7  8  9 |
---------------+----------------------------+-----
Ranged Weapons | 3 4 5 6 7 9 11 | 11.0
Fighting       | 2 3 4 5 7 |  7.1
Armour         | 1 2 3 4 |  4.4
Dodging        | 2 |  2.2
Spellcasting   | |  1.0
Hexes          | |  2.6

Action                     |  1- 3 |  4- 6 |  7- 9 || total
---------------------------+-------+-------+-------++-------
   Fire: Sling             |   110 |   239 |   288 ||   637
         Orcbow            |       |       |    43 ||    43
    Use: Scroll            |     6 |    12 |     4 ||    22
 Armour: Robe              |    19 |     3 |       ||    22
         Ring mail         |       |    66 |   191 ||   257
  Dodge: Dodged            |    52 |   127 |   340 ||   519

Table legend:
 A = Non-vault XP
 B = Vault XP
 C = Vault XP percentage of total XP
 D = Non-vault monster count
 E = Vault monster count
 F = Vault count percentage of total count
                 A         B        C        D         E       F
            +---------+---------+-------+---------+---------+-------
      Total |    4159 |     208 |   4.8 |     143 |      27 |  15.9
            +---------+---------+-------+---------+---------+-------
        D:1 |      23 |       0 |   0.0 |      14 |       0 |   0.0
        D:2 |      73 |       1 |   1.4 |      21 |       1 |   4.5
        D:3 |      59 |     118 |  66.7 |      15 |      17 |  53.1
        D:4 |      83 |      53 |  39.0 |      15 |       8 |  34.8
        D:5 |     466 |       0 |   0.0 |      17 |       0 |   0.0
        D:6 |     944 |      36 |   3.7 |      23 |       1 |   4.2
        D:7 |    1480 |       0 |   0.0 |      16 |       0 |   0.0
        D:8 |     848 |       0 |   0.0 |      17 |       0 |   0.0
        D:9 |     183 |       0 |   0.0 |       5 |       0 |   0.0
            +---------+---------+-------+---------+---------+-------
